 Dungeon Crawl Stone Soup version 0.31-a0-963-ga325b2283a (webtiles) character file.

Game seed: 3058799779466045606

87591 kae the Executioner (level 15, -4/124 (126) HPs)
             Began as a Hill Orc Fighter on Oct 24, 2023.
             Was the Champion of Qazlal.
             Slain by an orc knight
             ... wielding a +0 battleaxe
              (14 damage)
             ... on level 2 of the Orcish Mines.
             The game lasted 00:19:23 (17662 turns).

kae the Executioner (Hill Orc Fighter)             Turns: 17662, Time: 00:19:23

HP:   -4/124 (126)  AC: 27    Str: 33    XL:     15   Next: 91%
MP:   21/21         EV: 14    Int:  8    God:    Qazlal [******]
Gold: 1522          SH:  8    Dex: 10    Spells: 14/14 levels left

rFire   + . .        P - +6 executioner's axe of the Wolf {freeze, rF+ rC+ Will- SInv, rare}
rCold   + + .        (shield currently unavailable)
rNeg    . . .        Q - +2 crystal plate armour {rC+} {rare}
rPois   .            (no helmet)
rElec   .            r - +1 cloak
rCorr   .            (no gloves)
SInv    +            G - +4 pair of boots of the Hot Ocelot {Slay+3}
Will    .....        g - amulet of regeneration Stlth
                     E - +5 ring of evasion
HPRegen 1.20/turn    S - +6 ring of strength
MPRegen 0.17/turn

%: repel missiles
@: spiked, protected from physical damage, corroded, studying Long Blades,
lightly drained
A: no striking features
a: Renounce Religion, Upheaval, Elemental Force, Disaster Area


You were on level 2 of the Orcish Mines.
You worshipped Qazlal.
Qazlal was exalted by your worship.
You visited 4 branches of the dungeon, and saw 21 of its levels.
You also visited: Bailey.

You collected 1816 gold pieces.
You spent 294 gold pieces at shops.


   Skills:
 - Level 10.0 Fighting
 * Level 23.2 Axes
 + Level 12.8 Armour
 + Level 9.6 Dodging
 - Level 3.2 Shields
 - Level 8.0 Invocations
 - Level 6.8 Evocations


You had 14 spell levels left.
You didn't know any spells.
Your spell library contained the following spells:

 Spells                   Type           Power      Damage    Failure   Level
 Apportation              Tloc           0%         N/A       100%        1
 Necrotise                Necr           0%         1d4       100%        1
 Sandblast                Erth           0%         2d4       100%        1
 Shock                    Conj/Air       0%         1d3       100%        1
 Sting                    Tmut/Pois      0%         1d3       100%        1
 Summon Small Mammal      Summ           0%         N/A       100%        1
 Ensorcelled Hibernation  Hex/Ice        0%         N/A       100%        2
 Passwall                 Tmut/Erth      0%         N/A       100%        2
 Poisonous Vapours        Pois/Air       0%         N/A       100%        2
 Frozen Ramparts          Ice            0%         1d1       100%        3
 Ozocubu's Armour         Ice            0%         N/A       100%        3
 Stone Arrow              Conj/Erth      0%         3d7       100%        3
 Swiftness                Air            0%         N/A       100%        3
 Airstrike                Air            0%         2d(0-16)  100%        4
 Anguish                  Hex/Necr       0%         N/A       100%        4
 Brom's Barrelling Bould  Conj/Erth      0%         2d3       100%        4
 Cause Fear               Hex            0%         N/A       100%        4
 Olgreb's Toxic Radiance  Pois           0%         N/A       100%        4
 Petrify                  Tmut/Erth      0%         N/A       100%        4
 Summon Ice Beast         Ice/Summ       0%         N/A       100%        4
 Fireball                 Conj/Fire      0%         3d3       100%        5
 Iskenderun's Battlesphe  Conj           0%         2d6       100%        5
 Metabolic Englaciation   Hex/Ice        0%         N/A       100%        5
 Summon Mana Viper        Hex/Summ       0%         N/A       100%        5
 Conjure Ball Lightning   Conj/Air       0%         3x3d6     100%        6
 Plasma Beam              Fire/Air       0%         2x1d10    100%        6
 Simulacrum               Ice/Necr       0%         N/A       100%        6
 Enfeeble                 Hex            0%         N/A       100%        7
 Monstrous Menagerie      Summ           0%         N/A       100%        7
 Orb of Destruction       Conj           0%         9d5       100%        7

Inventory:

Hand Weapons
 a - a +1 war axe
 p - the +5 hand axe of Gokheuli {freeze, rN++ Int+2 Stlth+}
   (You found it on level 5 of the Dungeon)

   Int+2:     It affects your intelligence (+2).
   rN++:      It greatly protects you from negative energy.
   Stlth+:    It makes you more stealthy.
 w - a +0 broad axe
   (You bought it in a shop on level 6 of the Dungeon)
 C - a +0 battleaxe
   (You took it off an orc warrior on level 11 of the Dungeon)
 P - the +6 executioner's axe of the Wolf (weapon) {freeze, rF+ rC+ Will- SInv, rare}
   (You acquired it on level 11 of the Dungeon)

   rF+:       It protects you from fire.
   rC+:       It protects you from cold.
   Will-:     It decreases your willpower.
   SInv:      It lets you see invisible.
Missiles
 i - 203 stones
 o - 44 poisoned darts
 t - 22 curare-tipped darts {=f}
 K - 14 boomerangs
Armour
 b - a +0 scale mail
 c - a +0 buckler
 r - a +1 cloak (worn)
   (You found it on level 5 of the Dungeon)
 G - the +4 pair of boots of the Hot Ocelot (worn) {Slay+3}
   (You bought it in a shop on level 10 of the Dungeon)

   Slay+3:    It affects your accuracy & damage with ranged weapons and melee
   (+3).
 I - a +2 buckler
   (You found it on level 10 of the Dungeon)
 Q - a +2 crystal plate armour of cold resistance (worn) {rare}
   (You found it on level 1 of the Lair of Beasts)
Jewellery
 d - a +6 ring of dexterity
   (You found it on level 2 of the Lair of Beasts)
 e - a +5 ring of evasion
   (You found it on level 7 of the Dungeon)
 g - an amulet of regeneration (around neck)
   (You found it on level 9 of the Dungeon)
 D - a +6 ring of dexterity
   (You found it on level 1 of the Dungeon)
 E - a +5 ring of evasion (left hand)
   (You found it on level 1 of the Dungeon)
 F - a ring of protection from fire
   (You found it on level 1 of the Lair of Beasts)
 L - a ring of flight
   (You found it on level 4 of the Dungeon)
 N - a ring of positive energy
   (You found it on level 4 of the Lair of Beasts)
 O - a +4 ring of protection
   (You found it on level 5 of the Lair of Beasts)
 S - a +6 ring of strength (right hand)
   (You found it on level 4 of the Dungeon)
Wands
 l - a wand of roots (23)
   (You took it off Ijyb on level 4 of the Dungeon)
 n - a wand of flame (24)
   (You took it off Natasha on level 3 of the Dungeon)
 H - a wand of digging (16)
   (You found it on level 10 of the Dungeon)
 M - a wand of acid (5)
   (You found it on level 12 of the Dungeon)
 R - a wand of charming (8)
   (You took it off Maurice on level 12 of the Dungeon)
Scrolls
 m - 4 scrolls of poison {!r}
 s - 5 scrolls of teleportation {@r4}
 x - 4 scrolls of enchant weapon
 y - 2 scrolls of fog
 V - 3 scrolls of vulnerability {!r!r}
 W - 3 scrolls of identify {@r1}
 X - a scroll of fear
 Z - a scroll of enchant armour
Potions
 f - 4 potions of cancellation
 h - 6 potions of brilliance
 j - a potion of enlightenment
 k - 5 potions of curing {@q1}
 q - a potion of attraction {!q}
 u - 2 potions of magic
 v - a potion of resistance
 z - 5 potions of heal wounds {@q2}
 A - 5 potions of haste {@q3}
 B - a potion of invisibility
 J - 3 potions of degeneration {!q}
 T - 2 potions of lignification {!q}
 U - 7 potions of might
 Y - 3 potions of mutation {!q}

Dungeon Overview and Level Annotations

Branches:
Dungeon (13/15) Zot: 26055  Temple (1/1) D:6 Zot: 5915    Lair (5/5) D:8 Zot: 25402
 Shoals (0/4) Lair:3        Snake (0/4) Lair:3        Slime (0/5) Lair:4
    Orc (2/2) D:12 Zot: 11250     Elf (0/3) Orc:2        Vaults (0/5) D:13
 Bailey (visited)

Altars:
Ashenzari
Cheibriados
Dithmenos
Elyvilon
Fedhas
Gozag
Hepliaklqana
Kikubaaqudgha
Makhleb
Nemelex Xobeh
Okawaru
Qazlal
Ru
Sif Muna
Trog
Uskayaw
Vehumet
Wu Jian
Xom
Yredelemnul
Zin
The Shining One
Jiyva

Shops:
D:6 (   D:10 [   D:12 *   Orc:1 :   Orc:2 (

Annotations:
D:4 2 transporters, JaaP's ghost, weakling MiBe
D:6 exclusions: 6 centaurs and 1 more exclusion

.......... #........
#....... #....... ##
#....o##.## .o§.o§§.#
# #o)o§.#
##.#§@o.##### ###
#...§§°..##.##
##..###..#..#○.#...# #
.................## #.
...$.............# #..
#......P.......##
##...#..[.......8...##
#....$.[<[...........#
#$...##[)[....∩......#


You could see an orc warlord (strong), an orc knight (strong) and 4 orc
warriors.


Message History

The rust devil hits you. The rust devil corrodes you! 😕 HP[+1]
You slice the orc warlord like a ripe choko!!!
You freeze the orc warlord! You slash the orc sorcerer!
You freeze the orc sorcerer. You slash the rust devil!
You freeze the rust devil. The red devil barely misses you.
The orc warlord is engulfed in blazing flames.
You block the orc warlord's attack.
The orc sorcerer hits you with a +0 dagger! 😕 HP[-8]
You take 8 damage, and now have 113/126 hp.
You hit the orc warlord. You freeze the orc warlord.
You closely miss the orc sorcerer. You slash the rust devil!
You freeze the rust devil.
You kill the rust devil!
The rust devil disappears in a puff of smoke!
The hellwing swoops through the air toward you!
You block the hellwing's attack. x2
The red devil hits you from afar with a +0 trident.
Barbed spikes become lodged in your body.
The orc warlord is engulfed in blazing flames.
The orc warlord hits you with a +3 war axe.
The orc sorcerer points at you and mumbles some strange words.
You suddenly lose the ability to move!
The hellwing is engulfed in blazing flames.
The hellwing hits you.
You feel protected from physical attacks.
The hellwing hits you but does no damage.
The red devil hits you from afar with a +0 trident.
Barbed spikes become lodged in your body.
The orc sorcerer barely misses you.
The orc warrior hits you from afar with a +0 trident.
The hellwing hits you but does no damage. x2
The red devil hits you but does no damage.
The orc sorcerer's eyes start to glow.
The orc warlord hits you with a +3 war axe!!
You feel more protected from physical attacks.
The orc warrior hits you from afar with a +0 trident.
* * * LOW HITPOINT WARNING * * *
The orc sorcerer hits you but does no damage.
The hellwing barely misses you.
The hellwing hits you but does no damage.
The red devil hits you from afar with a +0 trident!
* * * LOW HITPOINT WARNING * * *
Barbed spikes become lodged in your body.
The orc warlord hits you with a +3 war axe!!
* * * LOW HITPOINT WARNING * * *
The orc sorcerer gestures wildly while chanting.
The orc warrior is engulfed in freezing vapours.
The orc warrior hits you but does no damage.
The orc sorcerer gestures wildly while chanting.
You can move again. 😱 HP[-90]
You take 90 damage, and now have 23/126 hp.
MASSIVE DAMAGE!! (PAUSE) Unknown command.
Unknown command.
You hit the orc warlord but do no damage.
You slash the orc sorcerer! You freeze the orc sorcerer. You hit the hellwing.
You freeze the hellwing. You slash the orc sorcerer!
You freeze the orc sorcerer. You hit the orc knight. You freeze the orc knight.
You slash the red devil! You freeze the red devil!
The hellwing hits you but does no damage. x2
You block the red devil's attack. 😱 HP[+1] Unknown command.
Unknown command.
You slash the orc warlord! You freeze the orc warlord.
You slice the orc knight like a ripe choko!!!
You freeze the orc knight!! You barely miss the red devil.
You closely miss the orc sorcerer. You closely miss the hellwing.
You slice the orc sorcerer!! You freeze the orc sorcerer.
You kill the orc sorcerer!
Qazlal accepts your kill.
The red devil disappears in a puff of smoke! x2
The orc sorcerer points at you and mumbles some strange words.
The bolt of negative energy hits you!
You feel drained.
* * * LOW HITPOINT WARNING * * *
The bolt of negative energy misses the hellwing.
The orc warlord misses you.
The orc warrior is engulfed in freezing vapours.
The orc warrior hits you but does no damage.
The hellwing barely misses you.
The hellwing hits you but does no damage. 😱 HP[-15]
You now have 124 max hp (-2).
You take 15 damage, and now have 9/124 hp.
Unknown command.
Unknown command.
You barely miss the orc warlord. You barely miss the orc knight.
You barely miss the ice devil. You slice the orc sorcerer!!
You freeze the orc sorcerer.
You kill the orc sorcerer!
Qazlal accepts your kill.
The hellwing disappears in a puff of smoke!
The ice devil disappears in a puff of smoke!
You slice the orc warrior!! You freeze the orc warrior.
The orc knight hits you with a +0 battleaxe!
You die...

Skill      XL: |  1  2  3  4  5  6  7  8  9 10 11 12 13 14 15 |
---------------+----------------------------------------------+-----
Axes           | 3 4 5 6 8 10 11 14 16 17 19 20 21 23 | 23.2
Fighting       | 8 10 | 10.0
Invocations    | 8 |  8.0
Dodging        | 2 5 6 7 8 9 |  9.6
Armour         | 4 7 9 10 11 12 | 12.8
Evocations     | 6 |  6.8
Shields        | |  3.2

Action                     |  1- 3 |  4- 6 |  7- 9 | 10-12 | 13-15 || total
---------------------------+-------+-------+-------+-------+-------++-------
  Melee: War axe           |    46 |   126 |    39 |       |       ||   211
         Hand axe          |       |       |   210 |   290 |       ||   500
         Executioner's axe |       |       |       |   152 |   421 ||   573
 Invoke: Elemental Force   |       |       |       |       |     1 ||     1
  Evoke: Wand              |       |    17 |     1 |     4 |     2 ||    24
    Use: Scroll            |     2 |     3 |    10 |    10 |     5 ||    30
         Potion            |       |       |       |     3 |     2 ||     5
 Armour: Scale mail        |    35 |    46 |   118 |   206 |       ||   405
         Crystal plate arm |       |       |       |    16 |   362 ||   378
  Dodge: Dodged            |    31 |    86 |   136 |   271 |   193 ||   717
         Repelled          |       |       |       |       |     5 ||     5
  Block: Buckler           |    10 |    30 |    51 |    65 |       ||   156
         Other             |       |       |       |    20 |   130 ||   150

Levels and vault maps discovered:
D:1:      lightli_arrival_noodles, layout_loops_corners, st_stairs_11,
          minmay_misc_feat_rugged
D:2:      layout_basic, minmay_unequal
D:3:      layout_loops_cross, minmay_misc_feat_enclosed,
          kennysheep_decorative_pillar, uniq_natasha
D:4:      layout_basic, serial_forest, infiniplex_forest_side_room,
          infiniplex_forest_zigzag_1, infiniplex_forest_clump_long,
          infiniplex_forest_lined_3, infiniplex_forest_lined_3,
          infiniplex_forest_3_way, gammafunk_ghost_mausoleum,
          mrwooster_statue_mirror, st_stairs_2, uniq_grinder, uniq_ijyb
D:5:      layout_cave_pools, gammafunk_temple_overflow_pools,
          grunt_ministairs_7, kennysheep_generic_room_15, uniq_blork_the_orc
D:6:      layout_basic, minmay_temple_entry_statues_fountains, serial_shops,
          shop, minmay_stone_trees_medium, minivault_4, chequers_mini_garden,
          centaur_isle
D:7:      layout_basic, minmay_manual_mess
D:8:      layout_basic, mainiacjoe_overflow_chevrons,
          nicolae_tso_besieged_by_evil, lair_entry_dummy
D:9:      layout_rooms, lemuel_crystal_altar, enter_bailey_8
D:10:     layout_roguey, serial_shops, shop, uniq_erolcha
D:11:     layout_roguey
D:12:     layout_cross, kennysheep_orc_monster_closet_entryway, serial_shops,
          shop_statue, uniq_maurice
D:13:     layout_cave_pods, erik_vaults_1
Temple:   minmay_temple_bridge_d
Lair:1:   dreamdust_isle_of_ice, layout_cave_pods, minivault_26
Lair:2:   layout_chaotic_city, lemuel_fruit_fields, infiniplex_staircase_pool,
          lemuel_fruit_fields
Lair:3:   layout_roguey, minmay_shoals_entry_hut, nicolae_snake_entry_squirm
Lair:4:   layout_cave_pods, slime_entry_1, cheibrodos_lair_lostbears
Lair:5:   hangedman_lair_tendril_chambers, layout_cave_pods, lemuel_fruit_tree
Orc:1:    layout_caves, serial_shops, shop, nicolae_orc_sculptors_studio,
          uniq_urug
Orc:2:    grunt_orc_gardens, layout_caves, grunt_orc_garden, grunt_orc_garden,
          grunt_orc_garden, grunt_orc_garden, uniq_azrael

Notes
Turn   | Place    | Note
-------+----------+-------------------------------------------
     0 | D:1      | kae the Hill Orc Fighter began the quest for the Orb.
     0 | D:1      | Reached XP level 1. HP: 19/19 MP: 1/1
     0 | D:1      | magus.rc [v1.11.3]
    83 | D:1      | Reached skill level 3 in Axes
    89 | D:1      | Reached XP level 2. HP: 23/26 MP: 2/2
   344 | D:1      | Reached skill level 4 in Axes
   802 | D:1      | Reached XP level 3. HP: 30/31 MP: 3/3
  1023 | D:1      | Reached skill level 5 in Axes
  1056 | D:2      | Reached XP level 4. HP: 39/39 MP: 4/4
  1131 | D:2      | Reached skill level 6 in Axes
  1683 | D:3      | Noticed Natasha
  1698 | D:3      | Reached XP level 5. HP: 30/45 MP: 5/5
  1699 | D:3      | Killed Natasha
  1700 | D:3      | Reached skill level 7 in Axes
  1876 | D:3      | Noticed Natasha
  1886 | D:3      | Killed Natasha
  2147 | D:3      | Noticed Natasha
  2155 | D:3      | Killed Natasha
  2435 | D:4      | Found a transporter.
  2458 | D:4      | Noticed JaaP's ghost (weakling MiBe)
  2504 | D:4      | Noticed Ijyb
  2517 | D:4      | Killed Ijyb
  2518 | D:4      | Reached skill level 8 in Axes
  2518 | D:4      | Reached XP level 6. HP: 26/51 MP: 6/6
  2607 | D:4      | You pick up a book of the Spheres and begin reading...
  2607 | D:4      | You add the spells Brom's Barrelling Boulder, Iskenderun's
                  | Battlesphere, Fireball, Conjure Ball Lightning and Orb of
                  | Destruction to your library.
  2729 | D:4      | You add the spells Sting, Poisonous Vapours and Olgreb's
                  | Toxic Radiance to your library.
  2840 | D:4      | Reached skill level 9 in Axes
  2914 | D:4      | Noticed Grinder
  2925 | D:4      | Paralysed by Grinder for 3 turns
  2929 | D:4      | Killed Grinder
  2930 | D:4      | Reached skill level 10 in Axes
  2930 | D:4      | Reached XP level 7. HP: 49/57 MP: 7/7
  3171 | D:4      | Found a transporter.
  3510 | D:5      | Entered Level 5 of the Dungeon
  3526 | D:5      | Reached skill level 11 in Axes
  3603 | D:5      | Identified the +5 hand axe of Gokheuli {freeze, rN++ Int+2
                  | Stlth+}
  3699 | D:5      | Reached XP level 8. HP: 55/64 MP: 8/8
  3788 | D:5      | Noticed Blork the orc
  3796 | D:5      | Killed Blork the orc
  3797 | D:5      | Reached skill level 12 in Axes
  4278 | D:5      | Found an ancient bone altar of Kikubaaqudgha.
  4278 | D:5      | Found a shimmering altar of Xom.
  4402 | D:6      | Reached skill level 13 in Axes
  4499 | D:6      | Found a staircase to the Ecumenical Temple.
  4526 | Temple   | Entered the Ecumenical Temple
  4830 | D:6      | You pick up a book of Air and begin reading...
  4830 | D:6      | You add the spells Shock, Swiftness and Airstrike to your
                  | library.
  4896 | D:6      | Reached skill level 14 in Axes
  4970 | D:6      | Found Abodd's Weapon Emporium.
  4977 | D:6      | Bought a +0 broad axe for 52 gold pieces
  5519 | D:6      | Reached XP level 9. HP: 60/70 MP: 9/9
  5779 | D:7      | Noticed a boulder beetle
  5992 | D:7      | Reached skill level 15 in Axes
  6313 | D:7      | You pick up a book of Burglary and begin reading...
  6313 | D:7      | You add the spells Passwall and Ensorcelled Hibernation to
                  | your library.
  6393 | D:7      | magus.rc [v1.11.3]
  6406 | D:7      | Killed a boulder beetle
  6407 | D:7      | Reached skill level 16 in Axes
  6407 | D:7      | Reached skill level 6 in Fighting
  6574 | D:7      | Reached skill level 7 in Fighting
  6711 | D:7      | You pick up a book of Cantrips and begin reading...
  6711 | D:7      | You add the spells Necrotise, Summon Small Mammal and
                  | Apportation to your library.
  6958 | D:8      | Found a hide-covered altar of Uskayaw.
  6976 | D:8      | Reached skill level 8 in Fighting
  6976 | D:8      | Reached XP level 10. HP: 85/88 MP: 10/10
  7163 | D:8      | Found a staircase to the Lair.
  7166 | D:8      | Reached skill level 9 in Fighting
  7315 | D:8      | Found a glowing golden altar of the Shining One.
  7726 | D:9      | Found a stormy altar of Qazlal.
  7752 | D:9      | Identified the +7 rapier of Lies {flame, Int+4}
  7766 | D:9      | Became a worshipper of Qazlal Stormbringer
  7820 | D:9      | Reached skill level 1 in Invocations
  7822 | D:9      | Reached skill level 10 in Fighting
  7822 | D:9      | Reached skill level 2 in Invocations
  7829 | D:9      | Reached skill level 3 in Invocations
  7835 | D:9      | Reached skill level 4 in Invocations
  7837 | D:9      | HP: 15/93 [yak (11)]
  7839 | D:9      | Reached skill level 5 in Invocations
  7879 | D:9      | HP: 21/93 [wight/+3 flail (5)]
  7884 | D:9      | Reached skill level 6 in Invocations
  7978 | D:9      | Found a flagged portal.
  7987 | Bailey   | Entered a bailey
  8323 | Bailey   | HP: 21/90 [gnoll/+1 halberd of draining (6)]
  8327 | Bailey   | HP: 6/87 [orc warrior/+3 halberd of electrocution (8)]
  8329 | Bailey   | Reached * piety under Qazlal
  8633 | Bailey   | Reached skill level 7 in Invocations
  8963 | D:9      | You pick up a book of the Spheres and begin reading...
  9137 | D:10     | Entered Level 10 of the Dungeon
  9212 | D:10     | Found Hunotiwn's Antique Armour Shoppe.
  9220 | D:10     | Bought a pair of warped boots for 218 gold pieces
  9220 | D:10     | Identified the +4 pair of boots of the Hot Ocelot {Slay+3}
                  | (You bought it in a shop on level 10 of the Dungeon)
  9257 | D:10     | Reached skill level 8 in Invocations
  9369 | D:10     | Reached skill level 1 in Dodging
  9415 | D:10     | Reached skill level 4 in Armour
  9488 | D:10     | Reached skill level 2 in Dodging
  9488 | D:10     | Reached XP level 11. HP: 84/99 MP: 17/17
  9590 | D:10     | Noticed Erolcha
  9599 | D:10     | Killed Erolcha
  9600 | D:10     | Reached skill level 5 in Armour
  9726 | D:11     | Reached skill level 3 in Dodging
  9778 | D:11     | You pick up a book of Hexes and begin reading...
  9778 | D:11     | You add the spells Anguish, Cause Fear and Enfeeble to your
                  | library.
  9953 | D:11     | Reached skill level 6 in Armour
 10062 | D:11     | Noticed a manticore
 10069 | D:11     | Killed a manticore
 10070 | D:11     | Reached skill level 4 in Dodging
 10266 | D:11     | Identified a scroll of acquirement
 10266 | D:11     | Acquired the +6 executioner's axe of the Wolf {freeze, rF+
                  | rC+ Will- SInv}
 10267 | D:11     | P - the +6 executioner's axe of the Wolf {freeze, rF+ rC+
                  | Will- SInv, rare}
 10273 | D:11     | the +6 executioner's axe of the Wolf {freeze, rF+ rC+ Will-
                  | SInv, rare} glows with a cold blue light!
 10273 | D:11     | P - the +6 executioner's axe of the Wolf (weapon) {freeze,
                  | rF+ rC+ Will- SInv, rare}
 10410 | D:12     | Noticed Maurice
 10414 | D:12     | Killed Maurice
 10433 | D:12     | Found Ceuseps's General Store.
 10437 | D:12     | Reached ** piety under Qazlal
 10451 | D:12     | Bought a scroll of identify for 24 gold pieces
 10501 | D:12     | Reached skill level 7 in Armour
 10510 | D:12     | Noticed a two-headed ogre
 10592 | D:12     | Killed a two-headed ogre
 10626 | D:12     | Found a staircase to the Orcish Mines.
 10634 | D:12     | Reached skill level 5 in Dodging
 10644 | D:12     | Reached skill level 17 in Axes
 10680 | D:12     | Noticed a boulder beetle
 10680 | D:12     | Noticed a two-headed ogre
 10688 | D:12     | Killed a two-headed ogre
 10689 | D:12     | Reached XP level 12. HP: 62/106 MP: 18/18
 10692 | D:12     | Killed a boulder beetle
 10693 | D:12     | Reached skill level 8 in Armour
 10857 | D:12     | Reached *** piety under Qazlal
 11205 | D:15     | Identified the "Miampif"
 11205 | Lair:1   | Identified the of Ysehol
 11205 | Lair:1   | Entered Level 1 of the Lair of Beasts
 11287 | Lair:1   | Reached skill level 18 in Axes
 11306 | Lair:1   | Noticed an ice dragon
 11318 | Lair:1   | Killed an ice dragon
 11319 | Lair:1   | Reached skill level 6 in Dodging
 11356 | Lair:1   | Found the +10 dark maul {heavy}
 11365 | Lair:1   | Noticed a death yak
 11372 | Lair:1   | Reached skill level 9 in Armour
 11376 | Lair:1   | Killed a death yak
 11389 | Lair:1   | Identified a +1 crystal plate armour of cold resistance
 11398 | Lair:1   | Q - a +1 crystal plate armour of cold resistance {rare}
 11409 | Lair:1   | You finish putting on your +1 crystal plate armour of cold
                  | resistance {rare}.
 11423 | Lair:1   | Noticed a death yak
 11429 | Lair:1   | Killed a death yak
 11436 | Lair:1   | Reached skill level 19 in Axes
 11509 | Lair:1   | Noticed a death yak
 11515 | Lair:1   | Reached **** piety under Qazlal
 11521 | Lair:1   | Killed a death yak
 11522 | Lair:1   | Reached XP level 13. HP: 106/113 MP: 19/19
 11866 | Lair:1   | Reached skill level 7 in Dodging
 11943 | Lair:1   | Reached skill level 10 in Armour
 12764 | Lair:2   | Reached skill level 20 in Axes
 13066 | Lair:3   | Reached ***** piety under Qazlal
 13376 | Lair:3   | Found a staircase to the Snake Pit.
 13614 | Lair:3   | Found a staircase to the Shoals.
 13639 | Lair:3   | Identified a potion of experience
 13640 | Lair:3   | Reached skill level 6 in Evocations
 13640 | Lair:3   | Reached XP level 14. HP: 121/121 MP: 20/20
 13722 | Lair:4   | Found a viscous altar of Jiyva.
 13758 | Lair:4   | Found a staircase to the Slime Pits.
 13893 | Lair:4   | Reached skill level 11 in Armour
 13893 | Lair:4   | Reached skill level 8 in Dodging
 13912 | Lair:4   | You pick up a book of Beasts and begin reading...
 13912 | Lair:4   | You add the spells Summon Ice Beast, Summon Mana Viper and
                  | Monstrous Menagerie to your library.
 14128 | Lair:4   | Reached skill level 21 in Axes
 14279 | Lair:4   | You pick up a book of Sloth and begin reading...
 14279 | Lair:4   | You add the spells Frozen Ramparts, Petrify and Metabolic
                  | Englaciation to your library.
 14590 | Lair:4   | your +1 crystal plate armour of cold resistance {rare}
                  | glows green for a moment.
 14612 | Lair:5   | Entered Level 5 of the Lair of Beasts
 14662 | Lair:5   | You pick up a book of Winter and begin reading...
 14662 | Lair:5   | You add the spells Ozocubu's Armour and Simulacrum to your
                  | library.
 14688 | Lair:5   | Reached XP level 15. HP: 126/126 MP: 21/21
 14749 | Lair:5   | Identified the +9 rapier "Wielope" {drain, rCorr}
 15101 | Lair:5   | Reached skill level 22 in Axes
 15374 | Lair:5   | Reached skill level 12 in Armour
 15951 | D:13     | Reached skill level 9 in Dodging
 15954 | D:13     | Reached ****** piety under Qazlal
 16163 | D:13     | Found a gate to the Vaults.
 16174 | D:13     | Identified the +0 ring mail "Rebly" {Fly SInv}
 16331 | D:13     | You pick up a book of Geomancy and begin reading...
 16331 | D:13     | You add the spells Sandblast and Stone Arrow to your
                  | library.
 16893 | Orc:1    | Entered Level 1 of the Orcish Mines
 16928 | Orc:1    | Paralysed by an orc sorcerer for 5 turns
 17100 | Orc:1    | Found Wuqiceho's Book Emporium.
 17107 | Orc:1    | Noticed Urug
 17115 | Orc:1    | Killed Urug
 17399 | Orc:2    | Entered Level 2 of the Orcish Mines
 17399 | Orc:2    | Found Oxka's Antique Weapon Emporium.
 17402 | Orc:2    | Paralysed by an orc sorcerer for 3 turns
 17424 | Orc:1    | Reached skill level 23 in Axes
 17497 | Orc:2    | Noticed Azrael
 17554 | Orc:2    | Found a staircase to the Elven Halls.
 17593 | Orc:1    | Killed Azrael
 17648 | Orc:2    | Noticed an orc warlord
 17656 | Orc:2    | Paralysed by an orc sorcerer for 3 turns
 17659 | Orc:2    | HP: 23/126 [orc warlord/+3 war axe (32)]
 17661 | Orc:2    | HP: 9/123 [orc sorcerer/bolt of negative energy (16)]
 17662 | Orc:2    | Slain by an orc knight

Vanquished Creatures
  Azrael (Orc:1)
  An ice dragon (Lair:1)
  2 hydras
  A vault guard (D:13)
  Erolcha (D:10)
  3 two-headed ogres
  2 centaur warriors (D:13)
  A dancing weapon (D:13)
  2 tengu warriors (D:13)
  3 death yaks (Lair:1)
  3 boulder beetles
  2 orc high priests (Orc:2)
  Urug (Orc:1)
  3 orc knights
  A wolf spider (Lair:5)
  A deep elf pyromancer (D:12)
  4 orc sorcerers
  10 elephants
  2 ugly things
  4 manticores
  Maurice (D:12)
  6 black mambas
  A torpor snail (Lair:1)
  16 cane toads
  A guardian serpent (Lair:5)
  A gargoyle (D:13)
  9 komodo dragons
  4 rime drakes
  A kobold demonologist (D:12)
  A freezing wraith (Lair:1)
  An ice devil (Lair:1)
  Grinder (D:4)
  4 hornets
  7 polar bears
  7 trolls
  10 dream sheep
  20 blink frogs
  A snapping turtle (Lair:3)
  11 slime creatures (D:12)
  2 wraiths
  A water elemental (Lair:3)
  25 yaks
  A vampire (D:10)
  A steam dragon (D:7)
  14 wyverns
  6 fire elementals (Orc:2)
  3 vampire mosquitoes (D:11)
  6 basilisks
  3 redbacks (Lair:5)
  A death yak simulacrum (Lair:1)
  3 nagas (Lair:3)
  3 wargs
  4 acid dragons
  A hell hound (Orc:2)
  16 water moccasins
  20 orc warriors
  An ice beast (D:7)
  4 black bears
  6 ogres
  10 wolves
  2 phantoms
  12 centaurs
  4 kobold brigands
  Blork the orc (D:5)
  10 bullfrogs
  An entropy weaver simulacrum (Lair:1)
  4 gnoll sergeants
  A two-headed ogre simulacrum (Lair:1)
  A scorpion (D:4)
  18 wights
  5 killer bees
  An electric eel (D:6)
  2 jellies
  A quasit (D:8)
  5 hounds
  9 orc priests
  Ijyb (D:4)
  Natasha (thrice) (D:3)
  4 iguanas (D:6)
  15 orc wizards
  7 hell rats (Lair:1)
  3 spriggan simulacra (Lair:1)
  A wolf simulacrum (Lair:1)
  23 gnolls
  12 adders
  2 shadow imps
  A white imp (D:7)
  3 ufetubi
  4 worms
  3 dart slugs (D:1)
  64 orcs
  4 ball pythons
  3 bats (D:2)
  6 endoplasms
  3 giant cockroaches
  5 goblins
  8 hobgoblins
  2 jackals (D:4)
  2 quokkas
  A frilled lizard (D:1)
  3 goblin skeletons (D:8)
  2 goblin zombies (D:8)
  2 hobgoblin zombies (D:8)
  25 kobolds
  A kobold skeleton (D:8)
  2 kobold zombies (D:8)
  An orc skeleton (D:8)
  An orc zombie (D:8)
  6 rats
  2 butterflies (Lair:2)
584 creatures vanquished.

Vanquished Creatures (collateral kills)
  A troll (Orc:2)
  A warg (Orc:2)
  3 orc warriors (Orc:2)
  An orc priest (Orc:2)
6 creatures vanquished.

Vanquished Creatures (others)
  An orc priest (Orc:2)
1 creature vanquished.

Grand Total: 591 creatures vanquished

Table legend:
 A = Non-vault XP
 B = Vault XP
 C = Vault XP percentage of total XP
 D = Non-vault monster count
 E = Vault monster count
 F = Vault count percentage of total count
                 A         B        C        D         E       F
            +---------+---------+-------+---------+---------+-------
      Total |   66469 |   29926 |  31.0 |     412 |     176 |  29.9
            +---------+---------+-------+---------+---------+-------
        D:1 |      69 |       5 |   6.8 |      17 |       3 |  15.0
        D:2 |      53 |      14 |  20.9 |      13 |       2 |  13.3
        D:3 |     134 |      35 |  20.7 |      17 |       1 |   5.6
        D:4 |     237 |     390 |  62.2 |      13 |       5 |  27.8
        D:5 |     555 |     183 |  24.8 |      12 |       7 |  36.8
        D:6 |     783 |     148 |  15.9 |      24 |       2 |   7.7
        D:7 |     862 |    1142 |  57.0 |      11 |       6 |  35.3
        D:8 |    1122 |      57 |   4.8 |      24 |      13 |  35.1
        D:9 |    1777 |       0 |   0.0 |      21 |       0 |   0.0
       D:10 |    1434 |     844 |  37.1 |      12 |       1 |   7.7
       D:11 |    2627 |       0 |   0.0 |      17 |       0 |   0.0
       D:12 |    7923 |    1492 |  15.8 |      22 |      19 |  46.3
       D:13 |    6981 |    1675 |  19.4 |      18 |       2 |  10.0
     Lair:1 |    8727 |    4812 |  35.5 |      37 |      19 |  33.9
     Lair:2 |    4999 |       0 |   0.0 |      15 |       0 |   0.0
     Lair:3 |    5970 |     913 |  13.3 |      25 |       5 |  16.7
     Lair:4 |    5866 |     935 |  13.7 |      25 |       3 |  10.7
     Lair:5 |    9790 |    9119 |  48.2 |      26 |      34 |  56.7
      Orc:1 |    3992 |    2211 |  35.6 |      45 |       3 |   6.2
      Orc:2 |    2568 |    5612 |  68.6 |      18 |      23 |  56.1
     Bailey |       0 |     339 | 100.0 |       0 |      28 | 100.0
            +---------+---------+-------+---------+---------+-------

Skill      XL: |  1  2  3  4  5  6  7  8  9 10 11 12 13 14 15 |
---------------+----------------------------------------------+-----
Axes           | 3 4 5 6 8 10 11 14 16 17 19 20 21 23 | 23.2
Fighting       | 8 10 | 10.0
Invocations    | 8 |  8.0
Dodging        | 2 5 6 7 8 9 |  9.6
Armour         | 4 7 9 10 11 12 | 12.8
Evocations     | 6 |  6.8
Shields        | |  3.2

Action                     |  1- 3 |  4- 6 |  7- 9 | 10-12 | 13-15 || total
---------------------------+-------+-------+-------+-------+-------++-------
  Melee: War axe           |    46 |   126 |    39 |       |       ||   211
         Hand axe          |       |       |   210 |   290 |       ||   500
         Executioner's axe |       |       |       |   152 |   421 ||   573
 Invoke: Elemental Force   |       |       |       |       |     1 ||     1
  Evoke: Wand              |       |    17 |     1 |     4 |     2 ||    24
    Use: Scroll            |     2 |     3 |    10 |    10 |     5 ||    30
         Potion            |       |       |       |     3 |     2 ||     5
 Armour: Scale mail        |    35 |    46 |   118 |   206 |       ||   405
         Crystal plate arm |       |       |       |    16 |   362 ||   378
  Dodge: Dodged            |    31 |    86 |   136 |   271 |   193 ||   717
         Repelled          |       |       |       |       |     5 ||     5
  Block: Buckler           |    10 |    30 |    51 |    65 |       ||   156
         Other             |       |       |       |    20 |   130 ||   150

Illustrated notes

Table legend:
 A = Kills in this place as a percentage of kills in the entire game.
 B = Kills by you in this place as a percentage of kills by you in the entire game.
 C = Kills by friends in this place as a percentage of kills by friends in the entire game.
 D = Other kills in this place as a percentage of other kills in the entire game.
 E = Experience gained in this place as a percentage of experience gained in the entire game.
 F = Experience gained in this place divided by the number of levels of this place that you have seen.
                   A       B       C       D       E      F
               +-------+-------+-------+-------+-------+----------------------
         Total | 100.0 | 100.0 | 100.0 |   N/A | 100.0 | 4381.6
       Dungeon |  48.0 |  48.5 |   0.0 |   N/A |  31.7 | 2349.4
          Lair |  32.1 |  32.5 |   0.0 |   N/A |  53.0 | 10226.2
  Orcish Mines |  15.1 |  14.3 | 100.0 |   N/A |  14.9 | 7191.5
        Bailey |   4.8 |   4.8 |   0.0 |   N/A |   0.4 | 339.0
               +-------+-------+-------+-------+-------+----------------------

Table legend: (Time is in decaauts)
 A = Elapsed time spent in this place.
 B = Non-inter-level travel time spent in this place.
 C = Inter-level travel time spent in this place.
 D = Time resting spent in this place.
 E = Time spent auto-exploring this place.
 F = Levels seen in this place.
 G = Mean time per level.
                   A        B        C        D        E       F      G
               +--------+--------+--------+--------+--------+-----+--------+
         Total |  17533 |  16588 |    945 |    631 |  13347 |  22 |  797.0 |
       Dungeon |  11355 |  10612 |    743 |    432 |   8565 |  13 |  873.5 |
        Temple |     84 |     83 |      1 |     34 |     49 |   1 |   84.0 |
          Lair |   4597 |   4418 |    179 |      0 |   3710 |   5 |  919.4 |
  Orcish Mines |    748 |    727 |     21 |     92 |    465 |   2 |  374.0 |
        Bailey |    746 |    746 |      0 |     73 |    558 |   1 |  746.0 |
               +--------+--------+--------+--------+--------+-----+--------+

Top non-repeatable levels by time:
     D:6: 1485 daAuts
  Lair:1: 1138 daAuts
     D:4: 1090 daAuts
  Lair:5: 1082 daAuts
     D:1: 1051 daAuts
  Lair:4: 993 daAuts
     D:7: 958 daAuts
    D:13: 903 daAuts
     D:3: 867 daAuts
     D:5: 846 daAuts
    D:12: 772 daAuts
    D:11: 757 daAuts
  Bailey: 746 daAuts
     D:8: 736 daAuts
     D:9: 736 daAuts
